 Dungeon Crawl Stone Soup version 0.16-a0-3219-g20c30b8 (console) character file.

13794 MrRokkomies the Spear-Bearer (level 11, -1/96 (99) HPs)
             Began as a Mottled Draconian Warper on Dec 20, 2014.
             Was a High Priest of Makhleb.
             Slain by a black mamba (16 damage)
             ... on level 3 of the Lair of Beasts on Dec 21, 2014.
             The game lasted 01:04:51 (12939 turns).

MrRokkomies the Spear-Bearer (DrWr)                Turns: 12939, Time: 01:04:52

HP:   -1/96 (99)    AC: 19    Str: 13    XL:     11   Next: 80%
MP:   14/21         EV: 15    Int: 15    God:    Makhleb [*****.]
Gold: 691           SH:  0    Dex: 13    Spells: 5 memorised, 3 levels left

rFire  . . .     SeeInvis .     a - +2 halberd (venom)
rCold  . . .     Clarity  .     (armour unavailable)
rNeg   . . .     SustAb   .     (no shield)
rPois  .         Gourm    .     I - +1 hat
rElec  .         Spirit   .     h - +0 cloak
rCorr  +         Warding  .     (no gloves)
rMut   .         Stasis   .     J - +1 pair of boots
MR     .....                    C - amulet of resist corrosion
Stlth  +.........               R - +4 ring of protection
                                k - +4 ring of protection

@: lethally poisoned, very slightly contaminated, not resistant to hostile
enchantments, very unstealthy
A: breathe sticky flames, unfitting armour, cold-blooded, AC +7
a: Breathe Sticky Flame, Minor Destruction, Lesser Servant of Makhleb, Major
Destruction, Greater Servant of Makhleb, Renounce Religion


You were on level 3 of the Lair of Beasts.
You worshipped Makhleb.
Makhleb was extremely pleased with you.
You were very hungry.

You visited 3 branches of the dungeon, and saw 13 of its levels.
You also visited: Sewer.

You collected 791 gold pieces.
You spent 100 gold pieces at shops.

Inventory:

Hand weapons
 a - a +2 halberd of venom (weapon)
 b - a cursed +0 blowgun
 B - a +0 shortbow
Missiles
 m - 6 silver javelins
 p - 66 poisoned needles
 v - 15 arrows of flame
 y - 3 javelins (quivered)
 z - 10 curare-tipped needles
 G - 194 arrows
Armour
 h - a +0 cloak (worn)
 I - a +1 hat (worn)
 J - a +1 pair of boots (worn)
Jewellery
 k - a +4 ring of protection (left hand)
 C - an amulet of resist corrosion (around neck)
 R - a +4 ring of protection (right hand)
Magical devices
 r - a wand of cold (0)
 N - a wand of frost (14)
 V - a wand of fire (0)
Scrolls
 d - 4 scrolls of blinking
 o - a scroll of amnesia
 q - 2 scrolls of immolation
 s - 3 scrolls of teleportation
 t - a scroll of magic mapping
 A - 3 scrolls of enchant armour
Potions
 n - 2 potions of haste
 u - 3 potions of curing
 w - 2 potions of agility
 x - 5 potions of might
 D - a potion of cancellation
 F - a potion of berserk rage
 K - a potion of flight
 M - 2 potions of magic
Comestibles
 f - 8 bread rations
 i - 9 fruits
 l - 6 meat rations


   Skills:
 - Level 10.0 Fighting
 * Level 12.6 Polearms
 - Level 0.8 Throwing
 * Level 6.7 Dodging
 - Level 2.0 Spellcasting
 - Level 7.2 Translocations
 + Level 6.9 Invocations


You had 3 spell levels left.
You knew the following spells:

 Your Spells              Type           Power        Failure   Level  Hunger
a - Apportation           Tloc           ###.......   1%          1    #......
b - Blink                 Tloc           N/A          1%          2    ###....
c - Shroud of Golubria    Chrm/Tloc      ##........   10%         2    ###....
d - Portal Projectile     Tloc           ###...       3%          3    ###....
e - Teleport Other        Tloc           ###.....     3%          3    ###....


Dungeon Overview and Level Annotations

Branches:
Dungeon (9/15)             Temple (1/1) D:5            Lair (3/8) D:9
  Swamp: Lair:3-6    Shoals: Lair:3-6     Snake: Lair:3-6    Spider: Lair:3-6
    Orc: D:9-12

Altars:
Ashenzari
Cheibriados
Dithmenos
Elyvilon
Fedhas
Gozag
Kikubaaqudgha
Makhleb
Nemelex Xobeh
Okawaru
Qazlal
Ru
Sif Muna
Trog
Vehumet
Xom
Yredelemnul
Zin
The Shining One
Beogh

Shops:
D:4 (

Annotations:
D:8 runed door, exclusion: statue
Lair:1 exclusion: oklob plant


Innate Abilities, Weirdness & Mutations

You can spit globs of burning liquid.
You can ignite nearby creatures when you spit burning liquid.
Your weird mottled scales are hard (AC +7).
Your body does not fit into most forms of armour.
Your cold-blooded metabolism reacts poorly to cold.


Message History

You miss the black mamba.
Your tail-slap misses the black mamba.
The black mamba is heavily wounded.
The black mamba barely misses you.
The black mamba bites you but does no damage.
You hit the black mamba but do no damage.
The black mamba is heavily wounded.
The griffon looks more healthy.
The black mamba bites you!
* * * LOW HITPOINT WARNING * * *
You are poisoned.
The black mamba poisons you!
Your magical contamination has completely faded away.
Casting: Blink
Confirm with . or Enter, or press ? or * to list all spells.
You miscast Blink.
You are very lightly contaminated with residual magic.
The floor and the ceiling briefly switch places.
You feel sick. The black mamba bites you.
* * * LOW HITPOINT WARNING * * *
The black mamba bites you!
You die...

......?... ..PP
................#
...........#PH....#
....S.....P...#
..##.......3......#
........P.......#...
#......P.........[.
#......P##S.>.......
##.#......@..........
............###......#
..........#.#.†....#.#
####.......##.......##
#P.†#.#....†.......#
#...#.......†..#....#
........P.P......#......
##......P......###....P
.......................#


You could see a griffon (fleeing), a black mamba and a friendly neqoxec.

Vanquished Creatures
  2 hydras
  A griffon (Lair:2)
  6 elephants
  Joseph (D:7)
  2 spiny frogs
  A komodo dragon (Lair:2)
  A troll (D:9)
  6 blink frogs
  Grinder (D:3)
  A basilisk (Lair:3)
  A shadow (D:9)
  A deep elf fighter (D:9)
  2 hippogriffs
  2 hungry ghosts (D:8)
  4 water moccasins
  3 sky beasts
  3 porcupines
  3 orc warriors
  2 phantoms
  7 ogres
  2 ice beasts
  6 centaurs
  A big kobold (D:9)
  A wyvern zombie (D:7)
  5 crocodiles
  7 giant frogs
  2 scorpions
  13 killer bees
  3 jellies
  2 crimson imps
  A centaur skeleton (D:5)
  5 hounds
  2 giant frog skeletons (D:6)
  Crazy Yiuf (D:3)
  2 giant frog zombies
  2 orc priests
  8 orc wizards
  Natasha (twice) (D:4)
  6 worker ants
  A killer bee zombie (D:8)
  4 iguanas
  17 sheep
  A hound skeleton (D:4)
  A mummy (D:8)
  A worker ant zombie (D:9)
  15 river rats
  11 gnolls
  24 adders
  2 shadow imps
  4 giant mites
  An adder zombie (D:5)
  2 giant geckos
  34 orcs
  A bat zombie (D:8)
  19 goblins
  12 hobgoblins
  17 jackals
  3 oozes
  4 quokkas
  A ball python (D:4)
  29 bats
  8 giant cockroaches
  A giant cockroach zombie (D:5)
  5 giant newts
  2 jackal skeletons
  A jackal zombie (D:5)
  18 kobolds
  A quokka skeleton (D:4)
  A quokka zombie (D:6)
  12 rats
  A ballistomycete (D:8)
  A butterfly (Lair:1)
  A fungus (D:9)
377 creatures vanquished.

Vanquished Creatures (collateral kills)
  An iguana (Lair:2)
1 creature vanquished.

Vanquished Creatures (others)
  A ynoxinul (Lair:3)
  A kobold (D:8)
  A giant spore (D:8)
  A fungus (D:9)
4 creatures vanquished.

Grand Total: 382 creatures vanquished

Notes
Turn   | Place    | Note
--------------------------------------------------------------
     0 | D:1      | MrRokkomies, the Draconian Warper, began the quest for the Orb.
     0 | D:1      | Reached XP level 1. HP: 17/17 MP: 3/3
   423 | D:1      | Reached XP level 2. HP: 22/25 MP: 4/4
   430 | D:1      | Learned a level 2 spell: Blink
   433 | D:1      | Learned a level 2 spell: Shroud of Golubria
   764 | D:1      | Reached XP level 3. HP: 28/31 MP: 6/6
  1179 | D:2      | Reached XP level 4. HP: 16/40 MP: 4/7
  1505 | D:2      | Reached skill level 4 in Fighting
  2186 | D:3      | Reached XP level 5. HP: 42/46 MP: 3/9
  2490 | D:3      | Noticed Grinder
  2509 | D:3      | Paralysed by Grinder for 4 turns
  2526 | D:3      | Killed Grinder
  2526 | D:3      | Reached skill level 5 in Fighting
  2526 | D:3      | Reached skill level 5 in Polearms
  2526 | D:3      | Reached XP level 6. HP: 54/56 MP: 10/10
  2811 | D:3      | Noticed an ogre
  2825 | D:3      | Killed an ogre
  3212 | D:3      | Noticed Crazy Yiuf
  3221 | D:3      | Killed Crazy Yiuf
  3269 | D:4      | Learned a level 3 spell: Portal Projectile
  3399 | D:4      | Reached skill level 6 in Fighting
  3442 | D:4      | Found Dismy's Antique Weapon Shoppe.
  3449 | D:4      | Bought a runed halberd for 100 gold pieces
  3603 | D:3      | Your scales start taking on a weird mottled pattern.
  3603 | D:3      | Reached XP level 7. HP: 63/63 MP: 12/12
  3872 | D:4      | Noticed Natasha
  3875 | D:4      | Killed Natasha
  4239 | D:4      | Found a shadowy altar of Dithmenos.
  4368 | D:4      | Noticed Natasha
  4375 | D:4      | Killed Natasha
  4388 | D:5      | Entered Level 5 of the Dungeon
  4417 | D:5      | Found a staircase to the Ecumenical Temple.
  4427 | Temple   | Entered the Ecumenical Temple
  4687 | Temple   | Became a worshipper of Makhleb the Destroyer
  4823 | D:5      | Found a glowing drain.
  4843 | Sewer    | Entered a sewer
  4873 | Sewer    | Reached skill level 7 in Fighting
  4965 | D:5      | Acquired Makhleb's first power
  5049 | D:5      | Reached XP level 8. HP: 58/73 MP: 13/13
  5298 | D:5      | Reached skill level 8 in Fighting
  5386 | D:5      | Got a bone dagger
  6037 | D:5      | Upgraded the game from 0.16-a0-3215-g5dfac0e to 0.16-a0-3219-g20c30b8
  6412 | D:6      | Acquired Makhleb's second power
  6430 | D:6      | Reached skill level 9 in Fighting
  6962 | D:6      | Reached XP level 9. HP: 72/84 MP: 14/14
  7125 | D:6      | Learned a level 3 spell: Teleport Other
  7150 | D:7      | Found a stormy altar of Qazlal.
  7362 | D:7      | Found a sacrificial altar of Ru.
  7393 | D:7      | Reached skill level 10 in Fighting
  7428 | D:7      | Noticed Joseph
  7449 | D:7      | Killed Joseph
  7449 | D:7      | Reached skill level 1 in Invocations
  7667 | D:7      | Found a sparkling altar of Nemelex Xobeh.
  7797 | D:7      | Found an ancient bone altar of Kikubaaqudgha.
  7797 | D:7      | Found a basalt altar of Yredelemnul.
  7802 | D:7      | Acquired Makhleb's third power
  7803 | D:7      | Found a shattered altar of Ashenzari.
  8165 | D:8      | Found a runed door.
  8189 | D:8      | Reached skill level 5 in Translocations
  8411 | D:8      | Reached skill level 10 in Polearms
  8411 | D:8      | Reached XP level 10. HP: 93/93 MP: 16/16
  8415 | D:8      | Acquired Makhleb's fourth power
  8729 | D:8      | Found a radiant altar of Vehumet.
  9061 | D:8      | Found a roughly hewn altar of Beogh.
  9242 | D:9      | Found a staircase to the Lair.
  9337 | D:9      | Acquired Makhleb's fifth power
 10075 | Lair:1   | Entered Level 1 of the Lair of Beasts
 10342 | Lair:1   | Reached skill level 11 in Polearms
 10458 | Lair:1   | Noticed an oklob plant
 10604 | Lair:1   | Noticed a five-headed hydra
 10615 | Lair:1   | Killed a five-headed hydra
 10615 | Lair:1   | Reached skill level 5 in Invocations
 10615 | Lair:1   | Reached XP level 11. HP: 99/99 MP: 19/19
 11848 | Lair:2   | Reached skill level 5 in Dodging
 11964 | Lair:2   | Reached skill level 12 in Polearms
 12476 | Lair:2   | Noticed a five-headed hydra
 12579 | Lair:2   | Killed a six-headed hydra
 12939 | Lair:3   | Slain by a black mamba

Action                   |  1- 3 |  4- 6 |  7- 9 | 10-12 || total
-------------------------+-------+-------+-------+-------++-------
Melee: Spear             |   131 |   262 |       |       ||   393
       Halberd           |       |     7 |   414 |   578 ||   999
 Fire: Blowgun           |       |     7 |    12 |       ||    19
Throw: Javelin           |     3 |    14 |     4 |    16 ||    37
       Tomahawk          |       |     4 |       |     1 ||     5
 Cast: Shroud of Golubri |     4 |     5 |     4 |    20 ||    33
       Blink             |       |     1 |     1 |     5 ||     7
       Apportation       |       |       |       |     6 ||     6
Invok: Minor Destruction |       |       |       |     7 ||     7
       Major Destruction |       |       |       |     1 ||     1
       Lesser Servant of |       |       |       |     3 ||     3
 Abil: Breathe Sticky Fl |       |       |     2 |     1 ||     3
Evoke: Wand              |       |       |       |    11 ||    11
  Use: Scroll            |     5 |     4 |     8 |     8 ||    25
       Potion            |       |     1 |       |    10 ||    11
 Stab: Sleeping          |       |     1 |     2 |     4 ||     7
  Eat: Chunk             |       |     9 |    12 |    15 ||    36
       Pizza             |       |       |     3 |     2 ||     5
       Beef jerky        |       |       |       |     1 ||     1
